AoeStats
← 虚弱

African Clearing

511012122Analyzed
4v4 RM · 8h ago on Oct 3, 2026· 24m 22s· 8 players
Game mode
Random Map
Map size
Large (8 player)
Population
200
Speed
Normal
Resources
Standard
Victory
Conquest
Starting age
Dark Age
Ending age
Imperial Age
RankedLock teamsTeams togetherTeam positionsShared explorationLock speedFull tech treeHidden civsTurbo modeCheats
Victory
Defeat
🇦🇷 Maya · Argentina
1648
+10
1582
+12
🇹🇼 Koreans · Taiwan
1578
+12
🇮🇹 Mongols · Italy
1542
+14
🇨🇳 Mapuche · China
1529
-13
🇨🇳 Varangians · China
1512
-13
🇨🇳 Wei · China
1505
-12
🇨🇳 Mongols · China
1440
-10
Fries
5:14 Loom
10:57 Loom
13:12 Feudal Age
16:55 Castle Age
24:41 Fletching
Yucatan_water_supremacy
3:21 Loom
12:52 Feudal Age
17:36 Castle Age
16:39 Scale Barding Armor
19:21 Chain Barding Armor
22:19 Horse Collar
22:28 Double-Bit Axe
Lancelot Knight
12:31 Feudal Age
16:21 Castle Age
14:50 Double-Bit Axe
15:42 Loom
15:48 Horse Collar
17:00 Town Watch
21:21 Fletching
23:27 Bodkin Arrow
Evol_
11:59 Feudal Age
12:24 Loom
13:10 Double-Bit Axe
18:10 Forging
21:27 Castle Age
20:12 Scale Barding Armor
21:30 Light Cavalry
22:21 Bloodlines
虚弱
9:04 Loom
11:46 Feudal Age
12:24 Double-Bit Axe
16:08 Bloodlines
16:30 Horse Collar
18:46 Scale Barding Armor
19:53 Forging
20:10 Town Watch
24:29 Castle Age
23:13 Gold Mining
25:08 Wheelbarrow
雀巢阿帆
10:51 Loom
12:43 Feudal Age
16:37 Castle Age
17:27 Fletching
18:20 Double-Bit Axe
22:22 Bodkin Arrow
那是你们
13:05 Feudal Age
13:23 Loom
15:04 Double-Bit Axe
17:31 Castle Age
18:09 Fletching
18:44 Padded Archer Armor
肥肠拌面
3:08 Loom
12:53 Feudal Age
13:50 Double-Bit Axe
19:38 Castle Age
19:23 Scale Barding Armor
19:07 Horse Collar
Connection lost

Rejoining the realm…

Still unreachable

The connection could not be restored.

Session expired

The server has moved on; the page needs a fresh start.